 Dungeon Crawl Stone Soup version 0.17.0-26-gececa24 (webtiles) character file.

3151 Ivanskos the Chopper (level 9, 38/84 HPs)
             Began as a Deep Dwarf Berserker on Nov 19, 2015.
             Was a Priest of Trog.
             Starved to death
             ... on level 7 of the Dungeon on Nov 20, 2015.
             The game lasted 00:58:34 (6730 turns).

Ivanskos the Chopper (Deep Dwarf Berserker)         Turns: 6730, Time: 00:58:34

Health: 38/84      AC: 13    Str: 23    XL:     9   Next: 62%
Magic:  9/9        EV:  9    Int:  8    God:    Trog [***...]
Gold:   473        SH: 11    Dex: 13    Spells: 0 memorised, 8 levels left

rFire  . . .     SeeInvis .     l - +2 hand axe (freeze)
rCold  . . .     Clarity  .     b - +1 chain mail
rNeg   . . .     SustAt   .     t - +0 shield
rPois  .         Gourm    .     s - +0 helmet
rElec  .         Spirit   .     g - +0 cloak
rCorr  .         Warding  .     (no gloves)
rMut   .         Stasis   .     (no boots)
MR     +++..                    (no amulet)
Stlth  ..........               (no ring)
                                (no ring)

@: fainting, non-regenerating, extremely resistant to hostile enchantments,
extremely unstealthy
A: damage resistance, recharge devices, sense surroundings 2, slow regeneration
3
a: Device Recharging, Berserk, Trog's Hand, Burn Spellbooks, Renounce Religion


You were on level 7 of the Dungeon.
You worshipped Trog.
Trog was most pleased with you.
You were fainting.

You visited 1 branch of the dungeon, and saw 7 of its levels.
You also visited: Sewer.

You collected 473 gold pieces.

Inventory:

Hand Weapons
 l - a +2 hand axe of freezing (weapon)
Armour
 b - a +1 chain mail (worn)
 g - a +0 cloak (worn)
 s - a +0 helmet (worn)
 t - a +0 shield (worn)
Wands
 c - a wand of heal wounds (6)
 v - a wand of hasting (1)
 w - a wand of invisibility (4)
Scrolls
 a - a scroll of recharging
 h - 4 scrolls of remove curse
 j - a scroll of noise {unknown}
 m - 3 scrolls of enchant armour
 n - 2 scrolls of magic mapping {unknown}
 p - a scroll of holy word {unknown}
 q - 2 scrolls of fear
 x - 3 scrolls of teleportation {unknown}
 y - a scroll of identify
Potions
 d - a potion of heal wounds
 e - 2 potions of curing
 f - 2 potions of haste
 i - a potion of agility
 k - a potion of cure mutation {unknown}
 o - a potion of lignification
 r - a potion of magic {unknown}
 u - 2 potions of might {unknown}


   Skills:
 + Level 6.3 Fighting
 + Level 7.3 Axes
 + Level 6.2 Armour
 + Level 6.8 Dodging
 - Level 0.6 Stealth
 * Level 7.1 Shields


You had 8 spell levels left.
You didn't know any spells.

Dungeon Overview and Level Annotations

Branches:
Dungeon (7/15)             Temple (0/1) D:6

Altars:
Elyvilon
Qazlal
Vehumet
The Shining One

Shops:
D:6 [


Innate Abilities, Weirdness & Mutations

You are resistant to damage.
You can recharge devices by infusing magical energy.
You passively map the area around you.
You do not regenerate naturally.


Message History

You block the hungry ghost's attack.
You hit the hungry ghost.
The hungry ghost is heavily damaged.
The hungry ghost hits you.
You feel slightly more hungry.
You miss the hungry ghost.
The hungry ghost is heavily damaged.
You block the hungry ghost's attack.
Your shield prevents you from hitting the hungry ghost.
The hungry ghost is heavily damaged.
The hungry ghost hits you.
You feel slightly more hungry.
You hit the hungry ghost but do no damage.
The hungry ghost is heavily damaged.
You block the hungry ghost's attack.
You miss the hungry ghost.
The hungry ghost is heavily damaged.
You block the hungry ghost's attack.
You hit the hungry ghost but do no damage.
The hungry ghost is heavily damaged.
You have starved to death.
You die...

* , #..$ , ,,,, * ,
... ....* ..# ,,
,.>. ##..####. ,
..# #........, ,
,..* #........ , .#
##.......########.
##W..#####.......#.
##.@### #.....<...#
##..## #..........
##..## #..........
##..## #........##
##..## ####...###
##..## ##### ##..##
##..## ##..##


You could see a hungry ghost.

Vanquished Creatures
  Pikel (D:7)
  Eustachio (D:4)
  Duvessa (D:4)
  2 necrophages
  An orc warrior (D:6)
  4 slaves (D:7)
  2 ogres
  2 phantoms (D:6)
  3 centaurs
  A giant frog (D:6)
  2 scorpions
  Dowan (D:4)
  14 wights (D:6)
  A giant frog zombie (D:5)
  5 orc priests
  A hound (D:6)
  6 orc wizards
  Natasha (D:2)
  5 worker ants
  6 adders
  3 river rats (Sewer)
  A shadow imp (D:5)
  2 oozes (D:2)
  4 worms
  11 giant geckos
  20 orcs
  3 ball pythons (Sewer)
  9 bats
  7 hobgoblins
  6 kobolds
  3 quokkas
  7 giant cockroaches
  13 giant newts
  7 goblins
  6 jackals
  10 rats
172 creatures vanquished.

Notes
Turn   | Place    | Note
--------------------------------------------------------------
     0 | D:1      | Ivanskos the Deep Dwarf Berserker began the quest for the Orb.
     0 | D:1      | Reached XP level 1. HP: 20/20 MP: 1/1
   209 | D:1      | Reached XP level 2. HP: 16/27 MP: 2/2
   852 | D:2      | Reached ** piety under Trog
   852 | D:2      | Reached XP level 3. HP: 23/34 MP: 3/3
  1283 | D:2      | Reached skill level 4 in Axes
  1423 | D:2      | Noticed Natasha
  1436 | D:2      | Killed Natasha
  1436 | D:2      | Reached XP level 4. HP: 34/42 MP: 4/4
  1685 | D:3      | Found a radiant altar of Vehumet.
  1773 | D:3      | Reached XP level 5. HP: 26/49 MP: 5/5
  2231 | D:3      | Found a white marble altar of Elyvilon.
  2592 | D:4      | Noticed Eustachio
  2642 | D:4      | Killed Eustachio
  2642 | D:4      | Reached XP level 6. HP: 40/58 MP: 6/6
  2869 | D:4      | Noticed Dowan
  2891 | D:4      | Killed Dowan
  2891 | D:4      | Reached skill level 5 in Axes
  2901 | D:4      | Noticed Duvessa
  2920 | D:4      | Killed Duvessa
  2920 | D:4      | Reached skill level 1 in Shields
  2920 | D:4      | Reached XP level 7. HP: 17/66 MP: 7/7
  3721 | D:5      | Entered Level 5 of the Dungeon
  3911 | D:5      | Reached skill level 5 in Fighting
  4007 | D:5      | Reached skill level 5 in Dodging
  4010 | D:5      | Reached XP level 8. HP: 74/74 MP: 8/8
  4744 | D:6      | Reached skill level 6 in Axes
  4744 | D:6      | Reached skill level 5 in Armour
  4765 | D:6      | Found a staircase to the Ecumenical Temple.
  5105 | D:6      | Reached skill level 5 in Shields
  5142 | D:6      | Found Tiocwimi's Antique Armour Shop.
  5258 | D:6      | Reached *** piety under Trog
  5267 | D:6      | Found a glowing drain.
  5311 | Sewer    | Entered a sewer
  5815 | D:6      | Found a stormy altar of Qazlal.
  5848 | D:6      | Gained mutation: You passively map the area around you. [Deep Dwarf growth]
  5848 | D:6      | Reached XP level 9. HP: 71/82 MP: 9/9
  6341 | D:6      | Reached skill level 7 in Axes
  6458 | D:6      | Found a glowing golden altar of the Shining One.
  6620 | D:7      | Found a glowing golden altar of the Shining One.
  6621 | D:7      | Noticed Pikel
  6644 | D:7      | Killed Pikel
  6730 | D:7      | Starved to death

Action                   |  1- 3 |  4- 6 |  7- 9 || total
-------------------------+-------+-------+-------++-------
Melee: Hand axe          |   186 |   240 |   526 ||   952
Invok: Trog's Hand       |     1 |     6 |     8 ||    15
       Berserk           |       |     3 |     9 ||    12
Evoke: Wand              |     1 |     1 |     2 ||     4
  Use: Scroll            |     2 |       |    13 ||    15
 Stab: Sleeping          |     2 |       |       ||     2
  Eat: Bread ration      |     1 |       |     3 ||     4
       Meat ration       |       |     1 |       ||     1
       Beef jerky        |       |     1 |       ||     1
       Pizza             |       |       |     3 ||     3
       Chunk             |       |       |     5 ||     5
